AoeStats
← Pottler

Arena

508000076Analyzed
4v4 RM · 11d ago on Sep 20, 2026· 52m 57s· 8 players
Game mode
Random Map
Map size
Large (8 player)
Population
200
Speed
Normal
Resources
Standard
Victory
Conquest
Starting age
Dark Age
Ending age
Imperial Age
RankedLock teamsTeams togetherTeam positionsShared explorationLock speedFull tech treeHidden civsTurbo modeCheats
Victory
Defeat
🇩🇪 Cumans · Germany
1078
+13
🇪🇸 Ethiopians · Spain
1048
+14
🇪🇸 Goths · Spain
1038
+15
🇩🇪 Britons · Germany
1000
+16
🇫🇷 Celts · France
1036
-15
🇨🇳 Bohemians · China
1018
-15
1007
-14
🇨🇳 Burgundians · China
995
-14
-poZ-Tryphe
10:15 Feudal Age
14:45 Castle Age
13:19 Double-Bit Axe
14:30 Gold Mining
17:51 Loom
17:57 Horse Collar
20:30 Loom
28:11 Bow Saw
30:44 Wheelbarrow
38:33 Scale Mail Armor
38:10 Pikeman
39:07 Town Watch
40:34 Chain Mail Armor
40:40 Arson
41:47 Forging
51:13 Imperial Age
49:33 Heavy Plow
white cat
2:03 Loom
12:01 Feudal Age
10:59 Double-Bit Axe
18:05 Castle Age
15:52 Horse Collar
18:28 Bow Saw
20:13 Wheelbarrow
20:54 Gold Mining
22:29 Two-Man Saw
22:48 Two-Man Saw
22:10 Forging
22:06 Scale Barding Armor
23:50 Husbandry
24:25 Hand Cart
24:53 Iron Casting
24:39 Chain Barding Armor
24:58 Stone Mining
25:14 Man-at-Arms
27:20 Stone Shaft Mining
26:52 Heavy Plow
34:40 Cavalier
37:22 Gold Shaft Mining
42:00 Ballistics
42:51 Crop Rotation
49:22 Imperial Age
47:00 Padded Archer Armor
46:51 Fletching
47:45 Elite Skirmisher
御园莓华世界一かわい
11:16 Feudal Age
12:30 Loom
15:11 Castle Age
13:16 Double-Bit Axe
19:35 Gold Mining
22:35 Bow Saw
23:56 Horse Collar
24:56 Gold Shaft Mining
25:23 Wheelbarrow
26:38 Hand Cart
25:56 Champi Runner
30:58 Imperial Age
28:25 Champi Warrior
29:51 Padded Archer Armor
29:54 Scale Mail Armor
30:51 Chain Mail Armor
30:27 Town Watch
31:02 Elite Champi Warrior
32:15 Plate Mail Armor
34:05 Conscription
33:10 Elite Skirmisher
35:28 Fabric Shields
37:12 Fletching
37:33 Forging
38:10 Bodkin Arrow
39:07 Pikeman
42:16 Chemistry
41:36 Ballistics
42:33 Guilds
42:58 Squires
42:47 Arson
43:06 Halberdier
44:43 Fortified Wall
44:06 Heavy Scorpion
45:15 Padded Archer Armor
45:52 Iron Casting
48:00 Blast Furnace
1829032
6:15 Loom
11:59 Feudal Age
14:04 Double-Bit Axe
18:08 Castle Age
18:26 Forging
18:22 Scale Barding Armor
25:28 Wheelbarrow
26:24 Town Watch
30:30 Elite Skirmisher
31:39 Bow Saw
34:27 Imperial Age
33:57 Chemistry
33:25 Ballistics
33:09 Horse Collar
34:18 Fletching
34:57 Hand Cart
36:07 Conscription
38:04 Wagenburg Tactics
39:52 Bow Saw
39:40 Murder Holes
40:15 Elite Hussite Wagon
46:19 Two-Man Saw
45:44 Bombard Tower
47:34 Town Patrol
47:34 Treadmill Crane
52:41 Bodkin Arrow
Legendario
0:28 Loom
12:45 Feudal Age
16:39 Castle Age
14:52 Double-Bit Axe
16:40 Horse Collar
18:20 Forging
20:35 Scale Mail Armor
20:45 Squires
25:45 Chain Mail Armor
26:59 Iron Casting
26:09 Pikeman
35:29 Wheelbarrow
35:16 Heavy Plow
38:59 Imperial Age
37:04 Bow Saw
37:24 Hand Cart
37:46 Gold Mining
38:49 Anarchy
39:20 Halberdier
40:39 Crop Rotation
41:12 Two-Man Saw
41:21 Conscription
41:14 Perfusion
42:30 Blast Furnace
43:37 Man-at-Arms
44:13 Fletching
43:55 Long Swordsman
44:32 Two-Handed Swordsman
45:40 Elite Huskarl
45:59 Champion
Axes and Bows
9:38 Feudal Age
9:54 Loom
11:41 Double-Bit Axe
13:07 Horse Collar
16:18 Fletching
16:28 Padded Archer Armor
24:10 Castle Age
24:00 Forging
23:50 Scale Mail Armor
24:32 Pikeman
25:51 Iron Casting
27:07 Wheelbarrow
28:30 Stone Mining
28:30 Gold Mining
33:52 Gold Shaft Mining
34:33 Ballistics
34:59 Hand Cart
34:30 Town Watch
35:04 Chain Mail Armor
34:56 Scale Barding Armor
35:26 Light Cavalry
36:07 Husbandry
38:58 Imperial Age
36:30 Town Patrol
36:15 Treadmill Crane
39:16 Bodkin Arrow
39:36 Leather Archer Armor
39:43 Chain Barding Armor
40:16 Crossbowman
43:19 Yeomen
43:20 Conscription
43:18 Arbalester
43:51 Heated Shot
45:13 Bracer
45:43 Ring Archer Armor
46:13 Blast Furnace
45:43 Plate Mail Armor
45:18 Heavy Plow
47:53 Chemistry
47:04 Masonry
46:50 Murder Holes
48:55 Hoardings
52:32 Bow Saw
53:02 Guilds
53:22 Coinage
pablov02
10:43 Feudal Age
14:32 Castle Age
12:54 Double-Bit Axe
13:24 Horse Collar
15:21 Loom
16:23 Bow Saw
17:30 Wheelbarrow
18:29 Heavy Plow
18:58 Stone Mining
21:07 Gold Mining
21:51 Hand Cart
23:36 Stone Shaft Mining
24:36 Fletching
25:24 Crossbowman
26:45 Padded Archer Armor
30:34 Imperial Age
29:29 Thumb Ring
29:43 Bodkin Arrow
30:04 Leather Archer Armor
31:20 Royal Heirs
31:43 Bracer
32:14 Ring Archer Armor
32:46 Ballistics
33:26 Chemistry
31:59 Arbalester
33:52 Gold Shaft Mining
34:18 Two-Man Saw
34:49 Scale Mail Armor
35:49 Conscription
36:32 Masonry
37:54 Architecture
38:11 Forging
37:26 Halberdier
38:22 Elite Skirmisher
39:55 Chain Mail Armor
40:09 Squires
41:40 Plate Mail Armor
41:46 Iron Casting
42:03 Torsion Engines
48:36 Caravan
50:41 Heavy Cavalry Archer
51:12 Town Watch
52:34 Blast Furnace
52:57 Scale Barding Armor
52:57 Town Patrol
53:01 Atonement
Pottler
4:58 Loom
10:10 Feudal Age
10:51 Double-Bit Axe
11:04 Gold Mining
24:16 Castle Age
25:00 Pikeman
26:36 Bow Saw
27:07 Wheelbarrow
26:38 Squires
31:55 Bloodlines
34:04 Hand Cart
34:41 Stone Mining
35:27 Gold Shaft Mining
38:51 Imperial Age
40:25 Cavalier
47:25 Halberdier
50:13 Arson
Connection lost

Rejoining the realm…

Still unreachable

The connection could not be restored.

Session expired

The server has moved on; the page needs a fresh start.